 Dungeon Crawl Stone Soup version 0.29.1-1-gd02db6906a (webtiles) character file.

Game seed: 747764477193091257

19 gzilladon the Chopper (level 2, -1/27 HPs)
             Began as a Hill Orc Monk on Sept 23, 2022.
             Slain by a quokka (2 damage)
             ... on level 2 of the Dungeon.
             The game lasted 00:02:16 (379 turns).

gzilladon the Chopper (Hill Orc Monk)                Turns: 379, Time: 00:02:17

Health: -1/27      AC:  2    Str: 13    XL:     2   Next: 75%
Magic:  2/2        EV: 12    Int: 10    God:
Gold:   9          SH:  0    Dex: 13    Spells: 1/1 levels left

rFire   . . .      SeeInvis .   a - +0 hand axe
rCold   . . .      Faith    .   (no shield)
rNeg    . . .      Spirit   .   b - +0 robe
rPois   .          Reflect  .   (no helmet)
rElec   .          Harm     .   (no cloak)
rCorr   .          Rampage  .   (no gloves)
Will    .....                   (no boots)
Stlth   ++........              (no amulet)
HPRegen 0.09/turn               (no ring)
MPRegen 0.08/turn               (no ring)

@: no status effects
A: no striking features
a: no special abilities


You were on level 2 of the Dungeon.
You visited 1 branch of the dungeon, and saw 2 of its levels.

You collected 9 gold pieces.

Inventory:

Hand Weapons
 a - a +0 hand axe (weapon)
 d - a +0 dagger
 i - the +3 dagger "Foplan" {vorpal, Str+4}
   (You found it on level 2 of the Dungeon)

   It inflicts extra damage upon your enemies.
   Str:       It affects your strength (+4).
Missiles
 e - 9 stones (quivered)
 h - 4 atropa-tipped darts
Armour
 b - a +0 robe (worn)
Jewellery
 j - a ring of protection from fire
Scrolls
 f - a scroll of teleportation {unknown}
 g - a scroll of poison {unknown}
Potions
 c - a potion of ambrosia


   Skills:
 * Level 4.2 Fighting
 + Level 4.3 Axes
 + Level 2.6 Dodging
 - Level 1.5 Stealth


You had one spell level left.
You didn't know any spells.
Your spell library was empty.

Dungeon Overview and Level Annotations

Branches:
Dungeon (2/15)

Altars:


Message History

You barely miss the quokka. The quokka completely misses you.
You hit the quokka but do no damage. The quokka barely misses you.
You hit the quokka.
The quokka is moderately wounded.
The quokka misses you. The quokka bites you.
You closely miss the quokka.
The quokka is moderately wounded.
The quokka bites you but does no damage.
You barely miss the quokka.
The quokka is moderately wounded.
The quokka bites you but does no damage.
You hit the quokka.
The quokka is severely wounded.
The quokka closely misses you. The quokka bites you.
You hit the quokka.
The quokka is severely wounded.
The quokka bites you.
You hit the quokka but do no damage.
The quokka is severely wounded.
The quokka barely misses you.
You barely miss the quokka.
The quokka is severely wounded.
The quokka bites you.
You miss the quokka.
The quokka is severely wounded.
The quokka bites you. The quokka misses you.
You hit the quokka but do no damage.
The quokka is severely wounded.
The quokka bites you.
* * * LOW HITPOINT WARNING * * *
You closely miss the quokka.
The quokka is severely wounded.
The quokka bites you.
* * * LOW HITPOINT WARNING * * *
You hit the quokka.
The quokka is almost dead.
The quokka bites you.
* * * LOW HITPOINT WARNING * * *
The quokka bites you.
You die...

#....#...# #.##.#...#
#.#..#...# #.#..#...###
#.#..#..... #
##.#..#..######## .#
.....<..........# ..
...##.#.#.......###.##...
.####.#.........@r.......
.########.......####.....
.........######## ...
########. # #. #.


You could see a quokka.

Vanquished Creatures
  An adder (D:2)
  A giant cockroach (D:2)
  A goblin (D:2)
  A hobgoblin (D:2)
  A kobold (D:1)
  A quokka (D:2)
  A ball python (D:2)
  A bat (D:2)
  A frilled lizard (D:2)
  2 rats
11 creatures vanquished.

Notes
Turn   | Place    | Note
-------+----------+-------------------------------------------
     0 | D:1      | gzilladon the Hill Orc Monk began the quest for the Orb.
     0 | D:1      | Reached XP level 1. HP: 19/19 MP: 1/1
   146 | D:2      | Reached XP level 2. HP: 22/27 MP: 2/2
   353 | D:2      | Identified the +3 dagger "Foplan" {vorpal, Str+4}
   379 | D:2      | HP: 1/27 [quokka (4)]
   379 | D:2      | Slain by a quokka

Illustrated notes

Levels and vault maps discovered:
D:1:      minmay_arrival_solitary_statue, layout_loops_corners,
          shapermc_ecumenical_altar_hornbeckon, nicolae_hexahallways,
          minmay_3d_cube
D:2:      layout_basic, uniq_robin

Skill      XL: |  1 |
---------------+----+-----
Fighting       | 4 |  4.2
Axes           | |  4.3
Dodging        | |  2.6
Stealth        | |  1.5

Action                   || total
-------------------------++-------
Melee: Hand axe          ||    53
       Punch             ||     1
 Stab: Sleeping          ||     2
Armor: Robe              ||    15
Dodge: Dodged            ||    29
